 Dungeon Crawl Stone Soup version 0.20.0-4-g10b340a (webtiles) character file.

46 ChaseSP the Sneak (level 3, 0/24 HPs)
             Began as a Vine Stalker Enchanter on May 27, 2017.
             Succumbed to an adder's poison
             ... on level 2 of the Dungeon.
             The game lasted 00:02:52 (856 turns).

ChaseSP the Sneak (Vine Stalker Enchanter)           Turns: 856, Time: 00:02:53

Health: 0/24       AC: 21    Str:  8    XL:     3   Next: 66%
Magic:  0/7        EV:  2    Int: 15    God:
Gold:   9          SH:  0    Dex: 15    Spells: 3/6 levels left

rFire    + . .     SeeInvis .   l - +0 short sword
rCold    + . .     Gourm    .   (no shield)
rNeg     + + +     Faith    .   (armour currently unavailable)
rPois    +         Spirit   +   (helmet currently unavailable)
rElec    +         Reflect  .   (cloak currently unavailable)
rCorr    +         Harm     .   (gloves currently unavailable)
MR       .....     NoTele   +   (boots currently unavailable)
Stlth    +++.......             (no amulet)
Regen    0.1/turn               (no ring)
MPRegen  0.1/turn               (no ring)

@: lethally poisoned (0 -> -6), tree-form, resistant
A: weak 1, wild magic 1, magic shield, no potion heal 3, rot immunity
a: no special abilities


You were on level 2 of the Dungeon.
You were not hungry.
You were a tree.
You visited 1 branch of the dungeon, and saw 2 of its levels.

You collected 9 gold pieces.

Inventory:

Hand Weapons
 a - a +1 dagger
 l - a +0 short sword (weapon)
Armour
 b - a +0 robe
 i - a +0 ring mail (melded)
Scrolls
 e - a scroll of fog {unknown}
Books
 c - a book of Maledictions

   Spells                             Type                      Level
   a - Corona                         Hexes                        1
   b - Ensorcelled Hibernation        Hexes/Ice                    2
   c - Confuse                        Hexes                        3
   d - Tukima's Dance                 Hexes                        3
   e - Dazzling Spray                 Conjuration/Hexes            3
Comestibles
 d - a bread ration
 f - 4 fruits
 m - a royal jelly
 n - a chunk of flesh


   Skills:
 * Level 2.4 Short Blades
 - Level 1.5 Dodging
 + Level 3.9 Stealth
 - Level 2.1 Spellcasting
 - Level 3.3 Hexes
 + Level 0.4 Ice Magic


You had 3 spell levels left.
You knew the following spells:

 Your Spells              Type           Power        Failure   Level  Hunger
a - Corona                Hex            ###....      9%          1    #......
b - Ensorcelled Hibernat  Hex/Ice        #.....       22%         2    ###....


Dungeon Overview and Level Annotations

Branches:
Dungeon (2/15)

Altars:
Qazlal


Innate Abilities, Weirdness & Mutations

((You have extremely sharp teeth.))
When hurt, damage is shared between your health and your magic reserves.
((Your bite disrupts and absorbs the magic of your enemies.))
Potions cannot restore your health.
You are immune to rotting.
((Armour fits poorly on your strangely shaped body.))
You are weak. (Str -2)
Your spells are a little harder to cast, but a little more powerful.


Message History

You are too injured to fight recklessly!
It was a potion of resistance.
You feel protected.
You feel sick. The rat bites you but does no damage.
The kobold barely misses you.
It was a potion of heal wounds.
That seemed strangely inert.
The rat bites you. The kobold hits you with a dagger.
It was a potion of mutation.
You feel extremely strange.
You feel weaker.
You feel less in control of your magic.
Your body twists and deforms.
* * * LOW HITPOINT WARNING * * *
You feel sick. The rat bites you.
* * * LOW HITPOINT WARNING * * *
The kobold hits you with a dagger.
* * * LOW HITPOINT WARNING * * *
It was a potion of lignification.
You turn into a tree.
Your +0 ring mail melds into your body.
Your roots penetrate the ground.
The rat bites you but does no damage. The kobold hits you but does no damage.
You closely miss the kobold.
You die...

.........##....#.####
###... #.............
#E#... ###?..##.#####
#...#####...##...
#.......#.#######
#.......#.#
###.†....#.#
#........#.#
#...♣#...#.#
#..Kr#...#.#
#...†....#.#
###.#....# #.#....#
.. #...# ... ..## ...
#.# .... ..


You could see a kobold and a rat.

Vanquished Creatures
  2 adders (D:2)
  2 oozes (D:1)
  2 leopard geckos (D:1)
  2 goblins
  A ball python (D:1)
  3 bats
  2 frilled lizards (D:1)
  5 kobolds
  3 rats
22 creatures vanquished.

Notes
Turn   | Place    | Note
-------+----------+-------------------------------------------
     0 | D:1      | ChaseSP the Vine Stalker Enchanter began the quest for the Orb.
     0 | D:1      | Reached XP level 1. HP: 9/9 MP: 4/4
    29 | D:1      | Reached skill level 1 in Short Blades
   347 | D:1      | Reached XP level 2. HP: 12/13 MP: 6/6
   720 | D:1      | Learned a level 2 spell: Ensorcelled Hibernation
   794 | D:2      | Reached XP level 3. HP: 16/16 MP: 7/7
   835 | D:2      | Noticed a fire elemental
   838 | D:2      | Found a stormy altar of Qazlal.
   854 | D:2      | Gained mutation: You are weak. (Str -2) [potion of mutation]
   854 | D:2      | Gained mutation: Your spells are a little harder to cast, but a little more powerful. [potion of mutation]
   854 | D:2      | Gained mutation: Armour fits poorly on your strangely shaped body. [potion of mutation]
   856 | D:2      | Succumbed to an adder's poison

Skill      XL: |  1  2 |
---------------+-------+-----
Short Blades   | 1 2 |  2.4
Dodging        | |  1.5
Stealth        | |  3.9
Spellcasting   | |  2.1
Hexes          | |  3.3
Ice Magic      | |  0.4

Action                   || total
-------------------------++-------
Melee: Dagger            ||    33
       Bite              ||    17
       Short sword       ||    43
 Cast: Corona            ||     1
  Use: Potion            ||     4
 Stab: Sleeping          ||     4
Armor: Robe              ||     8
       Ring mail         ||    14
       Skin              ||     2
Dodge: Dodged            ||    51
